 Dungeon Crawl Stone Soup version 0.23.0 (webtiles) character file.

Game seed: 3656183357572800226

42 tidbits the Charmwright (level 3, 8/31 HPs)
             Began as a Gnoll Skald on Feb 11, 2019.
             Quit the game on level 2 of the Dungeon.
             The game lasted 00:02:44 (264 turns).

tidbits the Charmwright (Gnoll Skald)                Turns: 264, Time: 00:02:44

Health: 8/31       AC:  3    Str: 13    XL:     3   Next: 56%
Magic:  0/9        EV: 14    Int: 16    God:
Gold:   0          SH:  0    Dex: 14    Spells: 7/12 levels left

rFire    . . .     SeeInvis .   a - +0 spear
rCold    . . .     Gourm    .   (no shield)
rNeg     . . .     Faith    .   b - +0 leather armour
rPois    .         Spirit   .   (no helmet)
rElec    .         Reflect  .   (no cloak)
rCorr    .         Harm     .   (no gloves)
MR       .....                  (no boots)
Stlth    +.........             (no amulet)
HPRegen  0.10/turn              (no ring)
MPRegen  0.11/turn              (no ring)

@: quite poisoned (8 -> 5), infused, singing
A: distributed training, fangs 1, strong nose
a: no special abilities


You were on level 2 of the Dungeon.
You were not hungry.

You visited 1 branch of the dungeon, and saw 2 of its levels.

Inventory:

Hand Weapons
 a - a +0 spear (weapon)
 f - a +0 dagger
Missiles
 e - 16 bolts
Armour
 b - a +0 leather armour (worn)
Scrolls
 c - a scroll of identify {unknown}
 g - a scroll of amnesia {unknown}
Comestibles
 d - 2 rations


   Skills:
 + Level 4.5 Fighting
 + Level 0.8 Short Blades
 + Level 0.8 Long Blades
 + Level 0.8 Axes
 + Level 0.8 Maces & Flails
 + Level 4.5 Polearms
 + Level 0.8 Staves
 + Level 0.8 Slings
 + Level 0.8 Bows
 + Level 0.8 Crossbows
 + Level 0.8 Throwing
 + Level 2.6 Armour
 + Level 4.5 Dodging
 + Level 0.8 Stealth
 + Level 0.8 Shields
 + Level 0.8 Unarmed Combat
 + Level 5.0 Spellcasting
 + Level 0.5 Conjurations
 + Level 0.5 Hexes
 + Level 5.4 Charms
 + Level 0.5 Summonings
 + Level 0.5 Necromancy
 + Level 0.5 Translocations
 + Level 0.5 Transmutations
 + Level 0.5 Fire Magic
 + Level 0.5 Ice Magic
 + Level 0.5 Air Magic
 + Level 0.5 Earth Magic
 + Level 0.5 Poison Magic
 + Level 1.0 Invocations
 + Level 0.8 Evocations


You had 7 spell levels left.
You knew the following spells:

 Your Spells              Type           Power        Failure   Level  Hunger
g - Shroud of Golubria    Chrm/Tloc      ##........   9%          2    #......
i - Infusion              Chrm           ###.         1%          1    None
y - Song of Slaying       Chrm           ###.....     3%          2    #......

Your spell library contained the following spells:

 Spells                   Type           Power        Failure   Level  Hunger
 Regeneration             Chrm/Necr      ##........   17%         3    ###....
 Spectral Weapon          Hex/Chrm       ##......     17%         3    ###....


Dungeon Overview and Level Annotations

Branches:
Dungeon (2/15)

Altars:


Innate Abilities, Weirdness & Mutations

Your experience applies equally to all skills.
You have very sharp teeth.
Your uncanny sense of smell can sniff out nearby items.


Message History

Unknown command.
Your song has ended.
Unknown command.
There is an escape hatch in the floor here.
You open the door.
Unknown command.
There is an open door here.
Unknown command.
Unknown command.
Found a stone staircase leading down.
There is a stone staircase leading down here.
You climb downwards.
Found a dagger.
There is a stone staircase leading up here.
A goblin comes into view.
The goblin shouts!
Casting: Song of Slaying (safe; 3% risk of failure)
Confirm with . or Enter, or press ? or * to list all spells.
You begin infusing your attacks with magical energy.
A leopard gecko comes into view.
The leopard gecko hisses angrily.
An adder comes into view.
Casting: Infusion (safe; 2% risk of failure)
Confirm with . or Enter, or press ? or * to list all spells.
You start singing a song of slaying.
You hear an angry hiss.
An adder comes into view.
Unknown command.
Attack whom?
Press: ? - help, Dir - move target cursor, f - goblin
Aim: a goblin You reach to attack!
You barely miss the goblin.
Attack whom?
Press: ? - help, Dir - move target cursor, f/p - goblin
Aim: a goblin You reach to attack!
You hit the leopard gecko.
The leopard gecko is almost dead.
You hear a shout!
You hit the goblin.
You kill the goblin!
A kobold comes into view.
Casting: Song of Slaying (safe; 3% risk of failure)
Confirm with . or Enter, or press ? or * to list all spells.
Space distorts slightly along a thin shroud covering your body.
The leopard gecko closely misses you. The leopard gecko misses you.
You hit the leopard gecko.
You kill the leopard gecko!
You have reached level 3!
Your experience leads to an increase in your attributes!
Increase (S)trength, (I)ntelligence, or (D)exterity?
You feel clever. The adder bites you.
Your shroud falls apart!
You hit the adder.
The adder is moderately wounded.
The adder bites you. The adder misses you. The adder bites you.
You are poisoned.
The adder poisons you!
You puncture the adder!
You kill the adder!
Your Spellcasting skill increases to level 5!
You feel sick. The adder bites you but does no damage.
You barely miss the adder. You bite the adder.
The adder is moderately wounded.
The adder barely misses you.
You barely miss the adder.
The adder is moderately wounded.
The adder bites you.
You closely miss the adder.
The adder is moderately wounded.
You feel sick. The adder bites you.
* * * LOW HITPOINT WARNING * * *
You closely miss the adder.
The adder is moderately wounded.
The adder bites you.
* * * LOW HITPOINT WARNING * * *
The kobold hits you but does no damage.
You barely miss the adder. Your bite misses the adder.
The adder is moderately wounded.
The adder bites you.
* * * LOW HITPOINT WARNING * * *
The kobold barely misses you. The adder bites you but does no damage.
You hit the adder.
The adder is severely wounded.
The adder barely misses you. The kobold misses you.
You hit the adder but do no damage. Your bite misses the adder.
The adder is severely wounded.
The adder closely misses you. The kobold misses you.
You barely miss the adder. You bite the adder.
The adder is almost dead.
You feel sick. The adder bites you.
* * * LOW HITPOINT WARNING * * *
You are too injured to fight recklessly!
You puncture the adder!
You kill the adder!
Your Invocations skill increases to level 1!
The kobold barely misses you.
You aren't carrying any potions.
Unknown command.
Are you sure you want to abandon this character and quit the game? (Confirm with "yes".)

.### ... .......
#.#####.######.......
#.....<..............
######..######.......
#...).............
#.#.#######.......
...#........K......
...###.......@†......
#.#. #...............
.. # #...............
. #...............
#########.......
....... #######


You could see a kobold.

Vanquished Creatures
  2 adders (D:2)
  A dart slug (D:1)
  A leopard gecko (D:2)
  5 bats (D:1)
  5 goblins
  2 hobgoblins (D:1)
  A kobold (D:1)
  6 rats (D:1)
23 creatures vanquished.

Notes
Turn   | Place    | Note
-------+----------+-------------------------------------------
     0 | D:1      | tidbits the Gnoll Skald began the quest for the Orb.
     0 | D:1      | Reached XP level 1. HP: 20/20 MP: 6/6
    25 | D:1      | Reached XP level 2. HP: 18/26 MP: 0/7
    35 | D:1      | Learned a level 2 spell: Song of Slaying
    38 | D:1      | Learned a level 2 spell: Shroud of Golubria
   252 | D:2      | Reached XP level 3. HP: 28/31 MP: 0/9
   254 | D:2      | Reached skill level 5 in Spellcasting
   263 | D:2      | Reached skill level 1 in Invocations
   264 | D:2      | Quit the game

Skill      XL: |  1  2  3 |
---------------+----------+-----
Spellcasting   | 5 |  5.0
Invocations    | 1 |  1.0
Fighting       | |  4.5
Short Blades   | |  0.8
Long Blades    | |  0.8
Axes           | |  0.8
Maces & Flails | |  0.8
Polearms       | |  4.5
Staves         | |  0.8
Slings         | |  0.8
Bows           | |  0.8
Crossbows      | |  0.8
Throwing       | |  0.8
Armour         | |  2.6
Dodging        | |  4.5
Stealth        | |  0.8
Shields        | |  0.8
Unarmed Combat | |  0.8
Conjurations   | |  0.5
Hexes          | |  0.5
Charms         | |  5.4
Summonings     | |  0.5
Necromancy     | |  0.5
Translocations | |  0.5
Transmutations | |  0.5
Fire Magic     | |  0.5
Ice Magic      | |  0.5
Air Magic      | |  0.5
Earth Magic    | |  0.5
Poison Magic   | |  0.5
Evocations     | |  0.8

Action                   || total
-------------------------++-------
Melee: Spear             ||    79
       Bite              ||     6
 Cast: Infusion          ||     2
       Song of Slaying   ||     4
       Shroud of Golubri ||     1
Armor: Leather armour    ||    17
Dodge: Dodged            ||    41

Table legend:
 A = Turns spent in this place as a percentage of turns spent in the entire game.
 B = Non-inter-level travel turns spent in this place as a percentage of non-inter-level travel turns spent in the entire game.
 C = Inter-level travel turns spent in this place as a percentage of turns spent in this place.
 D = Turns resting spent in this place as a percentage of non-inter-level travel turns spent in this place.
 E = Turns spent auto-exploring this place as a percentage of non-inter-level travel turns spent in this place.
 F = Non-inter-level travel turns spent in this place divided by the number of levels of this place that you've seen.
                   A       B       C       D       E      F
               +-------+-------+-------+-------+-------+----------------------
         Total | 100.0 | 100.0 |   0.0 |   0.0 |   0.0 | 132.0
       Dungeon | 100.0 | 100.0 |   0.0 |   0.0 |   0.0 | 132.0
               +-------+-------+-------+-------+-------+----------------------

Table legend:
 A = Kills in this place as a percentage of kills in entire the game.
 B = Kills by you in this place as a percentage of kills by you in the entire game.
 C = Kills by friends in this place as a percentage of kills by friends in the entire game.
 D = Other kills in this place as a percentage of other kills in the entire game.
 E = Experience gained in this place as a percentage of experience gained in the entire game.
 F = Experience gained in this place divided by the number of levels of this place that you have seen.
                   A       B       C       D       E      F
               +-------+-------+-------+-------+-------+----------------------
         Total | 100.0 | 100.0 |   N/A |   N/A | 100.0 |  30.5
       Dungeon | 100.0 | 100.0 |   N/A |   N/A | 100.0 |  30.5
               +-------+-------+-------+-------+-------+----------------------

Levels and vault maps discovered:
D:1:      lightli_arrival_statuegarden, layout_basic, serial_bayou_pond_b
D:2:      wad_pebble_path, layout_basic, minmay_diced_spiral
